 Dungeon Crawl Stone Soup version 0.27.1-3-gb3d3a73c9e (webtiles) character file.

Game seed: 14131195279891730321

160 unlimited1921 the Skirmisher (level 5, 0/53 HPs)
             Began as a Troll Fighter on Oct 30, 2021.
             Slain by a gnoll (4 damage)
             ... on level 4 of the Dungeon.
             The game lasted 00:18:56 (3254 turns).

unlimited1921 the Skirmisher (Troll Fighter)        Turns: 3254, Time: 00:18:57

Health: 0/53       AC:  5    Str: 25    XL:     5   Next: 17%
Magic:  4/4        EV:  7    Int:  4    God:
Gold:   173        SH:  8    Dex:  9    Spells: 4/4 levels left

rFire    . . .     SeeInvis .   n - +0 long sword
rCold    . . .     Faith    .   c - +0 kite shield
rNeg     . . .     Spirit   .   b - +0 robe
rPois    .         Reflect  .   (helmet restricted)
rElec    .         Harm     .   m - +0 cloak
rCorr    .         Rampage  .   (gloves unavailable)
Will     .....                  (boots unavailable)
Stlth    +.........             (no amulet)
HPRegen  1.17/turn              h - ring of flight
MPRegen  0.09/turn              (no ring)

@: flying
A: large, unfitting armour, claws 3, regeneration 1, shaggy fur 1, tough skin 1
a: no special abilities


You were on level 4 of the Dungeon.
You visited 1 branch of the dungeon, and saw 4 of its levels.

You collected 173 gold pieces.

Inventory:

Hand Weapons
 a - a +0 flail
 n - a +0 long sword (weapon)
 u - a +0 hunting sling
Missiles
 f - 7 poisoned darts (quivered)
 g - 145 stones
 j - 15 arrows
 q - 3 boomerangs
 r - 3 javelins
Armour
 b - a +0 robe (worn)
 c - a +0 kite shield (worn)
 m - a +0 cloak (worn)
Jewellery
 h - a ring of flight (left claw)
Scrolls
 e - a scroll of fog {unknown}
 k - 2 scrolls of teleportation {unknown}
 s - a scroll of identify {unknown}
Potions
 d - a potion of might
 i - 2 potions of attraction {unknown}
 l - a potion of cancellation {unknown}
 o - a potion of flight {unknown}
 p - a potion of brilliance {unknown}
 t - a potion of haste {unknown}


   Skills:
 + Level 3.5 Fighting
 + Level 2.2 Long Blades
 - Level 2.5 Maces & Flails
 + Level 0.8 Throwing
 - Level 2.4 Dodging
 - Level 2.4 Shields


You had 4 spell levels left.
You didn't know any spells.
Your spell library contained the following spells:

 Spells                   Type           Power      Damage    Failure   Level
 Slow                     Hex            0%         N/A       98%         2
 Confusing Touch          Hex            0%         N/A       100%        3
 Vampiric Draining        Necr           0%         2d6       100%        3


Dungeon Overview and Level Annotations

Branches:
Dungeon (4/15)
 Temple: D:4-7

Altars:
Nemelex Xobeh


Innate Abilities, Weirdness & Mutations

You are too large for most types of armour.
You have claws for hands.
Your natural rate of healing is unusually fast.
You are covered in fur. (AC +1)
You have tough skin. (AC +1)


Message History

The gnoll hits you with a +0 club.
* * * LOW HITPOINT WARNING * * *
You are no longer glowing.
The gnoll hits you with a +0 club.
* * * LOW HITPOINT WARNING * * *
Things that are here:
a +0 hand axe; an orc skeleton The gnoll hits you with a +0 club.
* * * LOW HITPOINT WARNING * * *
The gnoll is no longer moving quickly.
The gnoll closely misses you. The gnoll hits you with a +0 club.
* * * LOW HITPOINT WARNING * * *
The gnoll throws a silver javelin.
The silver javelin pierces through you!
* * * LOW HITPOINT WARNING * * *
x2 You block the gnoll's attack.
The gnoll hits you with a +0 club.
* * * LOW HITPOINT WARNING * * *
The gnoll shaman calls upon its god to speed up the gnoll.
The gnoll seems to speed up.
The gnoll hits you with a +0 club.
* * * LOW HITPOINT WARNING * * *
You feel better.
The gnoll throws a silver javelin.
The silver javelin pierces through you but does no damage.
* * * LOW HITPOINT WARNING * * *
The gnoll throws a silver javelin.
The silver javelin pierces through you.
* * * LOW HITPOINT WARNING * * *
x2 The gnoll hits you with a +0 club.
* * * LOW HITPOINT WARNING * * *
You block the gnoll's attack. The gnoll hits you with a +0 club.
* * * LOW HITPOINT WARNING * * *
The gnoll hits you with a +0 club.
* * * LOW HITPOINT WARNING * * *
You block the gnoll's attack. The gnoll hits you with a +0 club.
* * * LOW HITPOINT WARNING * * *
The gnoll hits you with a +0 club.
* * * LOW HITPOINT WARNING * * *
The gnoll hits you from afar with a +0 spear.
* * * LOW HITPOINT WARNING * * *
You barely miss the gnoll. The gnoll hits you with a +0 club.
You die...

#....#......)>......
#....#......)..####.
#....#.........## .
######............
############...##.##.#.
#......# #...##.##.#.
#.....รท# #.#.##..#...
#......#####..........$
#.....@g...............
#....g.####............
#.....g# ##......g.w...
#......# #...#.gg..gg..
#......###..#######.###
#....g.##...# #g##
#......#..### ###..##
#####....># #.....#
#.###.# #.###..


You could see a gnoll shaman and 3 gnolls.

Vanquished Creatures
  An iguana (D:4)
  Natasha (D:3)
  An adder (D:4)
  A worm (D:3)
  3 dart slugs
  5 orcs
  5 bats
  3 endoplasms
  4 giant cockroaches
  5 goblins
  6 hobgoblins
  4 jackals (D:2)
  4 quokkas
  7 ball pythons
  2 frilled lizards
  6 kobolds
  6 rats
64 creatures vanquished.

Vanquished Creatures (others)
  An orc wizard (D:3)
1 creature vanquished.

Grand Total: 65 creatures vanquished

Notes
Turn   | Place    | Note
-------+----------+-------------------------------------------
     0 | D:1      | unlimited1921 the Troll Fighter began the quest for the
                  | Orb.
     0 | D:1      | Reached XP level 1. HP: 22/22 MP: 0/0
   418 | D:1      | Reached XP level 2. HP: 29/29 MP: 1/1
   801 | D:1      | Reached skill level 3 in Fighting
  1161 | D:2      | Reached XP level 3. HP: 37/37 MP: 2/2
  2141 | D:3      | Reached skill level 1 in Long Blades
  2141 | D:3      | Reached XP level 4. HP: 45/45 MP: 3/3
  2811 | D:3      | Noticed Natasha
  2824 | D:3      | Killed Natasha
  3052 | D:4      | Found a sparkling altar of Nemelex Xobeh.
  3197 | D:4      | Reached XP level 5. HP: 29/53 MP: 4/4
  3240 | D:4      | HP: 2/53 [gnoll (4)]
  3252 | D:4      | HP: 2/53 [gnoll (5)]
  3254 | D:4      | Slain by a gnoll

Illustrated notes

Levels and vault maps discovered:
D:1:      dpeg_arrival_erosion, layout_basic
D:2:      minmay_spotlight, layout_basic, dk_noncrumbling_4
D:3:      layout_basic, uniq_natasha
D:4:      layout_rooms, nemelex_altar_shiori, serial_shops, shop,
          dk_rats_in_the_wall

Skill      XL: |  1  2  3  4 |
---------------+-------------+-----
Maces & Flails | 2 |  2.5
Fighting       | 3 |  3.5
Long Blades    | 1 2 |  2.2
Throwing       | |  0.8
Dodging        | |  2.4
Shields        | |  2.4

Action                   |  1- 3 |  4- 6 || total
-------------------------+-------+-------++-------
Melee: Flail             |   120 |       ||   120
       Long sword        |    49 |    70 ||   119
Throw: Dart              |     7 |     8 ||    15
  Use: Potion            |       |     1 ||     1
Armor: Robe              |    59 |    23 ||    82
Dodge: Dodged            |    69 |    27 ||    96
Block: Kite shield       |    83 |    44 ||   127
       Rpst.: Long sword |     3 |     6 ||     9
